 Dungeon Crawl Stone Soup version 0.25.0-46-gbd7b0854d2 (webtiles) character file.

Game seed: 9833073913237060672

6622 Ethylacetat the Spear-Bearer (level 10, -4/92 HPs)
             Began as a Demonspawn Gladiator on July 17, 2020.
             Was an Elder of Okawaru.
             Slain by a troll (5 damage)
             ... on level 8 of the Dungeon.
             The game lasted 00:18:54 (10342 turns).

Ethylacetat the Spear-Bearer (DsGl)                Turns: 10342, Time: 00:18:55

Health: -4/92      AC: 12    Str: 17    XL:     10   Next: 72%
Magic:  10/10      EV: 13    Int: 11    God:    Okawaru [****..]
Gold:   347        SH:  0    Dex: 14    Spells: 9/9 levels left

rFire    . . .     SeeInvis .   k - +3 spear
rCold    . . .     Gourm    .   (no shield)
rNeg     . . .     Faith    .   B - +0 steam dragon scales
rPois    .         Spirit   .   (helmet restricted)
rElec    .         Reflect  .   o - +2 cloak
rCorr    .         Harm     .   (no gloves)
MR       .....                  (no boots)
Stlth    +.........             z - amulet of regeneration
HPRegen  0.65/turn              (no ring)
MPRegen  0.12/turn              (no ring)

@: confused
A: antennae 1, claws 1, iridescent scales 2, foul stench 1, robust 1, no potion
heal 1, rot immunity
a: Heroism, Renounce Religion


You were on level 8 of the Dungeon.
You worshipped Okawaru.
Okawaru was greatly pleased with you.
You were hungry.

You visited 2 branches of the dungeon, and saw 9 of its levels.
You also visited: Sewer.

You collected 347 gold pieces.

Inventory:

Hand Weapons
 a - a +0 trident
 k - a +3 spear (weapon)
Missiles
 d - 3 throwing nets (quivered)
Armour
 c - the +0 helmet of Usmoq {rPois rN+}
   (You found it on level 6 of the Dungeon)

   It protects you from poison.
   It protects you from negative energy.
 o - a +2 cloak (worn)
 B - +0 steam dragon scales (worn)
 D - a +2 helmet
Jewellery
 z - an amulet of regeneration (around neck)
Wands
 l - a wand of polymorph (9)
 r - a wand of clouds (4)
 C - a wand of disintegration (21)
 E - a wand of iceblast (17)
Scrolls
 e - a scroll of random uselessness {unknown}
 g - 8 scrolls of teleportation {unknown}
 i - 2 scrolls of enchant armour {unknown}
 j - 2 scrolls of immolation {unknown}
 m - 4 scrolls of amnesia {unknown}
 p - 2 scrolls of remove curse {unknown}
 q - 8 scrolls of identify {unknown}
 s - a scroll of enchant weapon {unknown}
 t - a scroll of noise {unknown}
 w - 3 scrolls of magic mapping {unknown}
 y - a scroll of blinking {unknown}
 A - a scroll of fog {unknown}
Potions
 b - a potion of curing
 u - a potion of magic
 v - a potion of haste
Comestibles
 f - 24 rations


   Skills:
 + Level 9.7 Fighting
 * Level 12.3 Polearms
 - Level 1.7 Throwing
 - Level 2.6 Dodging


You had 9 spell levels left.
You didn't know any spells.
Your spell library contained the following spells:

 Spells                   Type           Power        Failure   Level  Hunger
 Animate Skeleton         Necr           N/A          34%         1    ##.....
 Apportation              Tloc           #.....       34%         1    ##.....
 Corona                   Hex            #......      34%         1    ##.....
 Summon Small Mammal      Summ           #...         34%         1    ##.....


Dungeon Overview and Level Annotations

Branches:
Dungeon (8/15)             Temple (1/1) D:4           Sewer (visited)
   Lair: D:8-11

Altars:
Ashenzari
Cheibriados
Dithmenos
Elyvilon
Fedhas
Gozag
Hepliaklqana
Kikubaaqudgha
Makhleb
Nemelex Xobeh
Okawaru
Qazlal
Trog
Uskayaw
Wu Jian
Xom
Yredelemnul
The Shining One

Annotations:
D:5 2 transporters


Innate Abilities, Weirdness & Mutations

You have sharp fingernails.
You are mostly covered in iridescent scales. (AC +4)
You may emit foul miasma when damaged in melee.
You are immune to rotting.
You have a pair of small antennae on your head.
You are robust. (+10% HP)
Potions are less effective at restoring your health.


Message History

You hit the troll.
The troll is severely wounded.
You puncture the troll!
The troll is almost dead.
The troll bites you.
* * * LOW HITPOINT WARNING * * *
The troll claws you but does no damage. The troll claws you.
* * * LOW HITPOINT WARNING * * *
Unknown command.
It was a potion of ambrosia.
You are confused.
Your system partially rejects the healing.
You feel invigorated.
The ogre is engulfed in dark miasma.
The ogre looks even sicker.
The ogre hits you with a +0 giant club!
* * * LOW HITPOINT WARNING * * *
A two-headed ogre comes into view.
It is wielding a +0 dire flail and a +0 giant club.
The troll bites you!
* * * LOW HITPOINT WARNING * * *
The troll barely misses you. The troll claws you.
You die...

..$.#................#.
.....#..................
........................
......###........##.....
.......#.........##...#.
?.....................#.
..........##............
......T.................
.....aO@................
##..###.................
.....O.)...............
...##..................
. #.......... ....T.
........... ...o
.##..#...... .... .#
#.##...... .... .# ..
>(.... ..#.


You could see a two-headed ogre, a troll (sick), an ogre (very poisoned, sick)
and a worker ant.

Vanquished Creatures
  Harold (D:7)
  3 two-headed ogres (D:8)
  Prince Ribbit (D:7)
  A spriggan (D:7)
  A steam dragon (D:8)
  A water moccasin (D:5)
  An ice beast (D:7)
  3 sky beasts
  An orc warrior (D:7)
  3 phantoms
  3 ogres
  4 big kobolds (Sewer)
  2 bullfrogs
  A gnoll sergeant (D:7)
  A wyvern skeleton (D:8)
  2 scorpions
  4 killer bees (D:7)
  4 wights (D:6)
  2 howler monkeys
  3 crimson imps
  A bullfrog zombie (D:6)
  A centaur zombie (D:7)
  2 centaur skeletons
  6 hounds
  3 orc priests (D:7)
  A jelly (D:5)
  2 bullfrog skeletons (D:4)
  2 iguanas (D:7)
  3 iron imps (D:5)
  7 orc wizards
  4 worker ants
  A howler monkey zombie (D:7)
  A worker ant zombie (D:7)
  10 gnolls
  14 adders
  A river rat (D:4)
  4 shadow imps
  6 oozes
  An adder zombie (D:6)
  4 worms
  5 dart slugs
  2 leopard geckos (D:4)
  11 orcs
  7 giant cockroaches
  8 goblins
  11 hobgoblins
  11 jackals
  3 quokkas
  4 ball pythons (Sewer)
  16 bats
  2 frilled lizards
  A jackal skeleton (D:5)
  12 kobolds
  3 quokka skeletons
  12 rats
224 creatures vanquished.

Vanquished Creatures (others)
  An orc wizard (D:8)
  2 orcs (D:8)
3 creatures vanquished.

Grand Total: 227 creatures vanquished

Notes
Turn   | Place    | Note
-------+----------+-------------------------------------------
     0 | D:1      | Ethylacetat the Demonspawn Gladiator began the quest for
                  | the Orb.
     0 | D:1      | Reached XP level 1. HP: 16/16 MP: 1/1
    86 | D:1      | Reached skill level 3 in Polearms
   133 | D:1      | Gained mutation: You are partially covered in iridescent
                  | scales. (AC +2) [demonic ancestry]
   133 | D:1      | Reached XP level 2. HP: 22/22 MP: 2/2
   939 | D:2      | Reached XP level 3. HP: 28/28 MP: 3/3
  1357 | D:2      | Reached skill level 4 in Polearms
  1379 | D:2      | Found a sparkling altar of Nemelex Xobeh.
  1444 | D:2      | Gained mutation: You are mostly covered in iridescent
                  | scales. (AC +4) [demonic ancestry]
  1444 | D:2      | Reached XP level 4. HP: 34/34 MP: 4/4
  2138 | D:3      | Gained mutation: You have sharp fingernails. [demonic
                  | ancestry]
  2138 | D:3      | Reached XP level 5. HP: 27/41 MP: 5/5
  2360 | D:3      | Reached skill level 5 in Polearms
  2550 | D:3      | Found a faded altar of an unknown god.
  2765 | D:4      | Reached XP level 6. HP: 30/48 MP: 6/6
  2999 | D:4      | Reached skill level 6 in Polearms
  3072 | D:4      | Found a glowing drain.
  3084 | Sewer    | Entered a sewer
  3479 | Sewer    | Reached XP level 7. HP: 55/55 MP: 7/7
  3752 | Sewer    | Reached skill level 5 in Fighting
  3893 | Sewer    | Reached skill level 7 in Polearms
  4271 | D:4      | Reached XP level 8. HP: 34/63 MP: 8/8
  4504 | D:4      | Found a staircase to the Ecumenical Temple.
  4569 | Temple   | Entered the Ecumenical Temple
  4575 | Temple   | Became a worshipper of Warmaster Okawaru
  5337 | D:5      | Entered Level 5 of the Dungeon
  5537 | D:5      | Found a burning altar of Makhleb.
  5569 | D:5      | Reached skill level 8 in Polearms
  5840 | D:5      | Found a transporter.
  5868 | D:5      | Found an opulent altar of Gozag.
  5875 | D:5      | Found a stormy altar of Qazlal.
  5878 | D:5      | Found a transporter.
  6393 | D:5      | Found a burning altar of Makhleb.
  6854 | D:6      | Reached * piety under Okawaru
  6854 | D:6      | Reached skill level 9 in Polearms
  7258 | D:5      | HP: 3/67 [bullfrog (4)]
  7266 | D:5      | Gained mutation: You are immune to rotting. [demonic
                  | ancestry]
  7266 | D:5      | Reached XP level 9. HP: 18/72 MP: 9/9
  8293 | D:6      | Got a translucent helmet
  8304 | D:6      | Identified the +0 helmet of Usmoq {rPois rN+} (You found it
                  | on level 6 of the Dungeon)
  8410 | D:6      | Found a glowing golden altar of the Shining One.
  8494 | D:7      | Noticed Prince Ribbit
  8518 | D:7      | Gained mutation: You can translocate small distances at
                  | will. [potion of mutation]
  8518 | D:7      | Gained mutation: You tend to lose your temper in combat.
                  | [potion of mutation]
  8518 | D:7      | Gained mutation: Your muscles are strong. (Str +2) [potion
                  | of mutation]
  8541 | D:7      | Reached skill level 10 in Polearms
  8552 | D:7      | HP: 4/108 [Prince Ribbit (8)]
  8558 | D:7      | HP: 5/108 [poisoned by a killer bee]
  8733 | D:7      | Reached ** piety under Okawaru
  8780 | D:7      | Lost mutation: You tend to lose your temper in combat.
                  | [potion of mutation]
  8780 | D:7      | Lost mutation: Your muscles are strong. (Str +2) [potion of
                  | mutation]
  8780 | D:7      | Gained mutation: You are dopey. (Int -2) [potion of
                  | mutation]
  8780 | D:7      | Gained mutation: You expend magic power (3 MP) to
                  | strengthen your wands. [potion of mutation]
  8781 | D:7      | Lost mutation: You can translocate small distances at will.
                  | [potion of mutation]
  8781 | D:7      | Gained mutation: Your system is resistant to poisons.
                  | (rPois) [potion of mutation]
  8782 | D:7      | Lost mutation: You expend magic power (3 MP) to strengthen
                  | your wands. [potion of mutation]
  8782 | D:7      | Lost mutation: Your system is resistant to poisons. (rPois)
                  | [potion of mutation]
  8782 | D:7      | Lost mutation: You are dopey. (Int -2) [potion of mutation]
  8782 | D:7      | Gained mutation: You are robust. (+10% HP) [potion of
                  | mutation]
  8782 | D:7      | Gained mutation: Potions are less effective at restoring
                  | your health. [potion of mutation]
  8782 | D:7      | Gained mutation: You have a pair of small antennae on your
                  | head. [potion of mutation]
  8995 | D:7      | Noticed Harold
  9060 | D:7      | Killed Harold
  9060 | D:7      | Reached *** piety under Okawaru
  9060 | D:7      | Reached skill level 11 in Polearms
  9090 | D:7      | Killed Prince Ribbit
  9090 | D:7      | Gained mutation: You may emit foul miasma when damaged in
                  | melee. [demonic ancestry]
  9090 | D:7      | Reached XP level 10. HP: 61/90 MP: 10/10
  9954 | D:8      | Noticed a two-headed ogre
 10146 | D:8      | Killed a two-headed ogre
 10186 | D:8      | Noticed a two-headed ogre
 10214 | D:8      | Killed a two-headed ogre
 10214 | D:8      | Reached **** piety under Okawaru
 10214 | D:8      | Reached skill level 12 in Polearms
 10311 | D:8      | Noticed a two-headed ogre
 10330 | D:8      | Killed a two-headed ogre
 10342 | D:8      | Noticed a two-headed ogre
 10342 | D:8      | HP: 1/92 [troll (7)]
 10342 | D:8      | Slain by a troll

Illustrated notes

Levels and vault maps discovered:
D:1:      lemuel_arrival_river_ford, layout_loops_corners, chequers_mini_garden
D:2:      layout_loops_cross, lemuel_coloured_pillars_altar,
          minmay_pentomino_pile
D:3:      layout_rooms, chequers_ecumenical_altar_grove, minmay_misc_feat_iff,
          cheibrodos_gnoll_hut
D:4:      layout_layer_cave, minmay_temple_entry_offerings,
          cheibrodos_sewer_entry_sluice
D:5:      layout_basic, demons_altar, gammafunk_temple_overflow_arena,
          first_ration, basic_altar
D:6:      layout_cave_pools, kennysheep_mini, nrook_campfire
D:7:      layout_loops_ring, the_bakery, kennysheep_generic_room_16,
          uniq_harold, uniq_prince_ribbit1
D:8:      layout_cave_pools, uniq_grum
Temple:   nicolae_temple_x_marks_the_god

Skill      XL: |  1  2  3  4  5  6  7  8  9 10 |
---------------+-------------------------------+-----
Polearms       | 3 4 5 6 7 9 11 12 | 12.3
Fighting       | 3 4 5 7 8 9 |  9.7
Throwing       | |  1.7
Dodging        | |  2.6

Action                   |  1- 3 |  4- 6 |  7- 9 | 10-12 || total
-------------------------+-------+-------+-------+-------++-------
Melee: Trident           |   134 |   213 |   612 |       ||   959
       Spear             |       |       |   147 |   154 ||   301
Throw: Throwing net      |       |       |     3 |       ||     3
  Use: Potion            |     1 |       |    14 |     1 ||    16
 Stab: Sleeping          |     1 |     1 |     1 |       ||     3
       Held in net/web   |       |       |     2 |       ||     2
  Eat: Chunk             |     2 |     7 |    19 |     3 ||    31
Armor: Leather armour    |    51 |    86 |   233 |    23 ||   393
       Skin              |       |       |    30 |       ||    30
       Steam dragon scal |       |       |       |     4 ||     4
Dodge: Dodged            |    93 |   109 |   307 |    56 ||   565
